 Dungeon Crawl Stone Soup version 0.23-a0-556-g351818a (webtiles) character file.

25 zishaf the Firebug (level 2, -2/15 HPs)
             Began as a Deep Elf Fire Elementalist on Dec 10, 2018.
             Slain by a worm (6 damage)
             ... on level 2 of the Dungeon.
             The game lasted 00:01:37 (979 turns).

zishaf the Firebug (Deep Elf Fire Elementalist)      Turns: 979, Time: 00:01:37

Health: -2/15      AC:  2    Str:  5    XL:     2   Next: 86%
Magic:  8/8        EV: 13    Int: 19    God:
Gold:   24         SH:  0    Dex: 15    Spells: 4/7 levels left

rFire    . . .     SeeInvis .   (no weapon)
rCold    . . .     Gourm    .   (no shield)
rNeg     . . .     Faith    .   a - +0 robe
rPois    .         Spirit   .   (no helmet)
rElec    .         Reflect  .   (no cloak)
rCorr    .         Harm     .   (no gloves)
MR       .....                  (no boots)
Stlth    ++........             (no amulet)
HPRegen  0.05/turn              (no ring)
MPRegen  0.11/turn              (no ring)

@: no status effects
A: no striking features
a: no special abilities


You were on level 2 of the Dungeon.
You were not hungry.

You visited 1 branch of the dungeon, and saw 2 of its levels.

You collected 24 gold pieces.

Inventory:

Armour
 a - a +0 robe (worn)
Jewellery
 f - a cursed ring of attention {unknown}
Scrolls
 d - 2 scrolls of identify {unknown}
 g - a scroll of teleportation {unknown}
Potions
 e - 2 potions of brilliance {unknown}
 h - a potion of curing {unknown}
Comestibles
 c - a ration


   Skills:
 + Level 2.9 Dodging
 + Level 2.9 Stealth
 - Level 3.0 Spellcasting
 * Level 1.9 Conjurations
 * Level 3.7 Fire Magic


You had 4 spell levels left.
You knew the following spells:

 Your Spells              Type           Power        Failure   Level  Hunger
a - Flame Tongue          Conj/Fire      ##...        4%          1    None
b - Throw Flame           Conj/Fire      ##....       7%          2    ##.....

Your spell library contained the following spells:

 Spells                   Type           Power        Failure   Level  Hunger
 Conjure Flame            Conj/Fire      ##......     14%         3    ###....
 Inner Flame              Hex/Fire       #.......     22%         3    ###....
 Sticky Flame             Conj/Fire      ##......     43%         4    ####...
 Fireball                 Conj/Fire      ##........   78%         5    ######.


Dungeon Overview and Level Annotations

Branches:
Dungeon (2/15)

Altars:

Annotations:
D:2 Robin


Message History

You kill the goblin!
You start resting.
HP restored.
You start resting.
All of the chunks of flesh in your inventory have rotted away.
Magic restored.
There is a stone staircase leading down here.
You climb downwards.
Level annotation: Robin An adder comes into view.
The goblin closely misses you. The goblin hits you but does no damage.
The goblin closely misses you. The worm barely misses you.
The goblin closely misses you. The goblin hits you.
There is a stone staircase leading up here.
Robin throws the goblin at you! The goblin hits you with a +0 club.
The goblin barely misses you. x2; The goblin closely misses you.
The goblin misses you. The goblin hits you.
* * * LOW HITPOINT WARNING * * *
The worm bites you.
You die...

##### .(...#
......#
.....g.###
#...S#ggw###
#...rgg@g..#
..$.g.g#g.[..#
......K
####...
.....## ..
....# l ....
... ..


You could see a worm, Robin, an adder, a hobgoblin, 7 goblins, a kobold and a
rat.

Vanquished Creatures
  A leopard gecko (D:1)
  3 goblins (D:1)
  A hobgoblin (D:1)
  6 bats (D:1)
  A frilled lizard (D:1)
  5 kobolds (D:1)
  10 rats (D:1)
27 creatures vanquished.

Notes
Turn   | Place    | Note
-------+----------+-------------------------------------------
     0 | D:1      | zishaf the Deep Elf Fire Elementalist began the quest for
                  | the Orb.
     0 | D:1      | Reached XP level 1. HP: 10/10 MP: 6/6
   154 | D:1      | Reached XP level 2. HP: 15/15 MP: 1/8
   158 | D:1      | Learned a level 2 spell: Throw Flame
   915 | D:2      | Noticed Robin
   979 | D:2      | Slain by a worm

Vault maps used:
D:1:      dpeg_arrival_prison, serial_forest, infiniplex_forest_lined_corner,
          infiniplex_forest_lined_3, infiniplex_forest_clump_long,
          infiniplex_forest_zigzag_1, infiniplex_forest_clump_C,
          infiniplex_forest_lined_room_, infiniplex_forest_fountain,
          infiniplex_forest_clump_medium, infiniplex_forest_clump_long
D:2:      dk_vineyard_2, kennysheep_generic_room_4, uniq_robin

Action                   || total
-------------------------++-------
Melee: Unarmed           ||     1
 Cast: Flame Tongue      ||    45
 Stab: Sleeping          ||     1
Armor: Robe              ||     4
Dodge: Dodged            ||    28

Table legend:
 A = Non-vault XP
 B = Vault XP
 C = Vault XP percentage of total XP
 D = Non-vault monster count
 E = Vault monster count
 F = Vault count percentage of total count
                 A         B        C        D         E       F
            +---------+---------+-------+---------+---------+-------
      Total |      30 |       7 |  18.9 |      22 |       5 |  18.5
            +---------+---------+-------+---------+---------+-------
        D:1 |      30 |       7 |  18.9 |      22 |       5 |  18.5
            +---------+---------+-------+---------+---------+-------
